 Dungeon Crawl Stone Soup version 0.31-a0-1610-g9787180 (webtiles) character file.

Game seed: 5084329111169443460

28 PidgeyThePirate the Ruffian (level 2, 29/29 HPs)
             Began as a Troll Chaos Knight on Jan 8, 2024.
             Was a Plaything of Xom.
             Got out of the dungeon alive.
             The game lasted 00:02:21 (1085 turns).

PidgeyThePirate the Ruffian (Troll Chaos Knight)    Turns: 1085, Time: 00:02:22

Health: 29/29      AC:  6    Str: 19    XL:     2   Next: 96%
Magic:  1/1        EV: 10    Int:  8    God:    Xom [.*....]
Gold:   57         SH:  0    Dex:  9    Spells: 1/1 levels left

rFire   . .          .
                       - Unarmed
rCold   . . .        (no shield)
rNeg    . . .        a - +2 robe
rPois   .            (helmet restricted)
rElec   .            (no cloak)
rCorr   .            (gloves unavailable)
SInv    .            (boots unavailable)
Will    .....        (no amulet)
Stlth   +            (no ring)
HPRegen 1.04/turn    (no ring)
MPRegen 0.07/turn

%: no passive effects
@: no status effects
A: large, unfitting armour, claws 3, regeneration 1, shaggy fur 1, tough skin 1
a: Renounce Religion


You escaped.
You worshipped Xom.
You were a plaything of Xom.
You visited 1 branch of the dungeon, and saw 2 of its levels.

You collected 57 gold pieces.

Inventory:

Armour
 a - a +2 robe (worn)
Jewellery
 g - a ring of fire
Scrolls
 b - a scroll of butterflies
 c - 3 scrolls of teleportation {unknown}
 f - a scroll of identify {unknown}
 h - a scroll of blinking {unknown}
Potions
 d - a potion of heal wounds {unknown}
 e - a potion of cancellation {unknown}


   Skills:
 + Level 2.8 Fighting
 + Level 2.1 Dodging
 + Level 3.5 Unarmed Combat


You had one spell level left.
You didn't know any spells.
Your spell library was empty.

Dungeon Overview and Level Annotations

Branches:
Dungeon (2/15)

Altars:
Vehumet


Innate Abilities, Weirdness & Mutations

You are too large for most types of armour.
You have claws for hands.
Your natural rate of healing is unusually fast.
You are covered in fur. (AC +1)
You have tough skin. (AC +1)


Message History

Found a scroll labelled DINAROUGIO.
Found a leather armour.
h - a scroll labelled DINAROUGIO A goblin comes into view.
It is wielding a +0 dagger.
The goblin shouts!
A goblin is nearby!
You closely miss the goblin. The goblin closely misses you.
You scratch the goblin.
You kill the goblin!
Things that are here:
a +0 dagger; a goblin corpse You enter the shallow water.
You enter the shallow water.
You enter the shallow water.
You enter the shallow water.
You enter the shallow water.
Things that are here:
a +0 dagger; a goblin corpse Xom is getting BORED.
You are now a BORING thing.
A rat comes into view.
The rat squeaks loudly.
Unknown command.
You closely miss the rat. The rat closely misses you.
You scratch the rat.
You kill the rat!
You see here a rat corpse.
Xom makes a sudden noise!
You hear a splashing noise.
You are now a plaything of Xom.
You see here a frilled lizard skeleton.
A frilled lizard comes into view.
The frilled lizard hisses angrily.
There is a stone staircase leading up here.
You climb upwards.
There is a stone staircase leading down here.
There is an open door here.
There is an open door here.
There is a staircase leading out of the dungeon here.
You can't go down here!
You have escaped!

............##.....##
#...#.
##############...#.#####
#..... #.....§.§§§..#
###... #§≈§≈≈≈≈§§≈≈§####
#... #.≈...§..§.≈....#
#... #§≈.....≈≈§§§≈≈.#
#... #.≈..§§.≈§§§§§§.#
##.. #.≈.§≈§.≈§§≈..≈.#
#..
#.§.§§@.≈§§...§.#####..
#.≈≈.≈.≈≈.....≈.....#..
#....≈.....§..§.###.#..
###..≈≈≈≈§≈§≈≈§.# #.#..
#.......§§....# #.###
#...#############....
##................###
################.#..
#.#.#


There were no monsters in sight!

Vanquished Creatures
  An adder (D:2)
  An endoplasm (D:1)
  2 giant cockroaches (D:1)
  A goblin (D:2)
  A hobgoblin (D:1)
  2 kobolds
  2 quokkas (D:1)
  2 ball pythons (D:1)
  2 frilled lizards
  5 rats
19 creatures vanquished.

Notes
Turn   | Place    | Note
-------+----------+-------------------------------------------
     0 | D:1      | PidgeyThePirate the Troll Chaos Knight began the quest for
                  | the Orb.
     0 | D:1      | Reached XP level 1. HP: 22/22 MP: 0/0
   306 | D:1      | Reached XP level 2. HP: 25/29 MP: 1/1
   455 | D:1      | Found a faded altar of an unknown god.
   726 | D:2      | XOM: silly message
   727 | D:2      | Found a radiant altar of Vehumet.
   933 | D:2      | XOM is BORED!
   933 | D:2      | XOM: noise
  1085 | D:$      | Got out of the dungeon alive.

Illustrated notes

Levels and vault maps discovered:
D:1:      ebering_trefoil_twist, layout_basic, nicolae_ecumenical_lake_church
D:2:      layout_rooms, serial_bayou, serial_bayou_pond_a, serial_bayou_shore_a,
          serial_bayou_pond_b, serial_bayou_lagoon_a, serial_bayou_lagoon_b,
          serial_bayou_pond_c, basic_altar, minmay_misc_feat_ornament

Skill      XL: |  1 |
---------------+----+-----
Dodging        | 2 |  2.1
Fighting       | |  2.8
Unarmed Combat | |  3.5

Action                     || total
---------------------------++-------
  Melee: Unarmed           ||    38
 Armour: Robe              ||    22
  Dodge: Dodged            ||    20

Table legend: (Time is in decaauts)
 A = Elapsed time spent in this place.
 B = Non-inter-level travel time spent in this place.
 C = Inter-level travel time spent in this place.
 D = Time resting spent in this place.
 E = Time spent auto-exploring this place.
 F = Levels seen in this place.
 G = Mean time per level.
                   A        B        C        D        E       F      G
               +--------+--------+--------+--------+--------+-----+--------+
         Total |   1083 |    759 |    324 |      0 |    551 |   2 |  541.5 |
       Dungeon |   1083 |    759 |    324 |      0 |    551 |   2 |  541.5 |
               +--------+--------+--------+--------+--------+-----+--------+

Top non-repeatable levels by time:
     D:1: 807 daAuts
     D:2: 275 daAuts
